cohdb
Replays
Latest Replays
All Replays
Popular Replays
Top Player Replays
Match Explorer
How It Works
Community
CoH3 Stats
Reddit
Sign in to upload your games and track your stats! →
Sign in with Steam
Match 43235675
Unlisted
Match 43235675
Overview
Messages
Build Orders
End
Construct Barracks
Riflemen Squad
Riflemen Squad
Riflemen Squad
Construct Medical Station
Grenade Package
Air Support Center
Selects Advanced Infantry Battlegroup
Selects Convert to Ranger Squad
Grasshopper Recon Run
Engineer Squad
Construct Motor Pool
M1 Anti-tank Gun Team
Selects Frontline Medical Station
Frontline Medical Station
Selects Ammunition Storage
P-47 Dive Bomb
Selects M2A1 105mm Howitzer Emplacement
Grasshopper Recon Run
P-47 Strafing Run
.30 cal Machine Gun
Selects Free Fire Drills
.30 cal Machine Gun
Grasshopper Recon Run
Grasshopper Recon Run
Construct Tank Depot
M1 Anti-tank Gun Team
Grasshopper Recon Run
M4A1 Sherman Medium Tank
P-47 Dive Bomb
P-47 Strafing Run
M4A1 Sherman Medium Tank
P-47 Dive Bomb
Lord Protector Richard
1003604386
̫寻夜
SL主演
CDI
BAROSZ
fmas3
Jd577
0
0
Comments
sign in to comment!
No comments posted yet!